 Dungeon Crawl Stone Soup version 0.24-a0-581-gc0fa6600bf (webtiles) character file.

Game seed: 18408616432334034380

1 Eightlegvermin the Insei (level 1, -1/13 HPs)
             Began as an Octopode Transmuter on Aug 25, 2019.
             Slain by a jackal (3 damage)
             ... on level 1 of the Dungeon.
             The game lasted 00:00:14 (40 turns).

Eightlegvermin the Insei (Octopode Transmuter)        Turns: 40, Time: 00:00:14

Health: -1/13      AC:  1    Str:  9    XL:     1   Next: 20%
Magic:  3/3        EV: 13    Int: 15    God:
Gold:   0          SH:  0    Dex: 12    Spells: 3/4 levels left

rFire    . . .     SeeInvis .     - Unarmed
rCold    . . .     Gourm    .   (no shield)
rNeg     . . .     Faith    .   (helmet restricted)
rPois    .         Spirit   .   (no amulet)
rElec    .         Reflect  .   (no ring)
rCorr    .         Harm     .   (no ring)
MR       .....                  (no ring)
Stlth    ++........             (no ring)
HPRegen  0.04/turn              (no ring)
MPRegen  0.08/turn              (no ring)
                                (no ring)
                                (no ring)

@: no status effects
A: almost no armour, stealthy swim, amphibious, 8 rings, constrict 8, camouflage
1, gelatinous body 1
a: no special abilities


You were on level 1 of the Dungeon.
You were not hungry.

You visited 1 branch of the dungeon, and saw 1 of its levels.

Inventory:

Missiles
 a - 12 arrows
Potions
 b - a potion of flight {unknown}
Comestibles
 c - a ration


   Skills:
 + Level 1.0 Fighting
 + Level 2.0 Dodging
 + Level 3.1 Unarmed Combat
 + Level 2.0 Spellcasting
 + Level 2.0 Transmutations


You had 3 spell levels left.
You knew the following spells:

 Your Spells              Type           Power        Failure   Level  Hunger
a - Beastly Appendage     Tmut           #.....       10%         1    #......

Your spell library contained the following spells:

 Spells                   Type           Power        Failure   Level  Hunger
 Sticks to Snakes         Tmut           #.......     14%         2    ###....
 Spider Form              Tmut/Pois      #.........   41%         3    ###....
 Ice Form                 Ice/Tmut       #.......     82%         4    #####..
 Blade Hands              Tmut           #.........   95%         5    ######.


Dungeon Overview and Level Annotations

Branches:
Dungeon (1/15)

Altars:


Innate Abilities, Weirdness & Mutations

You cannot wear most types of armour.
You are very stealthy in the water. (Stealth+)
You are amphibious.
You can wear up to eight rings at the same time.
You can use your tentacles to constrict eight enemies at once.
Your skin changes colour to match your surroundings (Stealth+).
Your rubbery body absorbs attacks. (AC +1, EV +1)


Message History

You constrict the goblin, but do no damage.
The jackal bites you. x2
The jackal bites you but does no damage.
The jackal bites you.
You tentacle-slap the jackal. Your grab misses the jackal.
The jackal is severely wounded.
You constrict the goblin. The goblin misses you. The jackal closely misses you.
The jackal barely misses you.
You tentacle-slap the jackal but do no damage.
Your grab misses the jackal.
You pierce the jackal.
The jackal is moderately wounded.
You constrict the goblin.
You kill the goblin!
The jackal bites you. The jackal closely misses you.
The giant cockroach bites you but does no damage.
The jackal closely misses you. The jackal bites you.
* * * LOW HITPOINT WARNING * * *
Your tentacle spike disappears.
The jackal bites you.
You die...

################
...........^.≈≈# ##
.......≈≈≈≈≈≈≈≈# ...
≈≈≈≈≈≈≈≈≈≈≈≈≈≈.## ##########....
≈≈≈≈≈≈≈≈≈≈......###.....#.......
≈≈≈≈≈≈≈≈.........##.....#.......
................@##.............
........≈≈≈≈...#.hr.............
.......≈≈≈≈≈≈≈≈#.sg.............
....≈≈≈≈..≈≈≈≈≈#........##......
≈≈≈≈≈≈≈........#........# ......
≈≈≈≈≈..................## ......
#####.................... .....
.... .............. ..### ..
..###.........


You could see a jackal, a giant cockroach, a hobgoblin and a rat.

Vanquished Creatures
  A goblin (D:1)
1 creature vanquished.

Notes
Turn   | Place    | Note
-------+----------+-------------------------------------------
     0 | D:1      | Eightlegvermin the Octopode Transmuter began the quest for
                  | the Orb.
     0 | D:1      | Reached XP level 1. HP: 13/13 MP: 3/3
    40 | D:1      | Slain by a jackal

Levels and vault maps discovered:
D:1:      dpeg_arrival_chase, layout_basic, minmay_bisected

Action                   || total
-------------------------++-------
Melee: Unarmed           ||     5
       Kick              ||     2
       Constrict         ||     1
 Cast: Beastly Appendage ||     1
Armor: Skin              ||     2
Dodge: Dodged            ||     7

Table legend:
 A = Non-vault XP
 B = Vault XP
 C = Vault XP percentage of total XP
 D = Non-vault monster count
 E = Vault monster count
 F = Vault count percentage of total count
                 A         B        C        D         E       F
            +---------+---------+-------+---------+---------+-------
      Total |       2 |       0 |   0.0 |       1 |       0 |   0.0
            +---------+---------+-------+---------+---------+-------
        D:1 |       2 |       0 |   0.0 |       1 |       0 |   0.0
            +---------+---------+-------+---------+---------+-------
